 Dungeon Sprint DCSS version 0.17-a0-777-g32247ce (webtiles) character file.

1204 lorenzova the Brawler (level 8, 0/74 HPs)
             Began as a Troll Monk on Apr 25, 2015.
             Was a Priest of Qazlal.
             Slain by Sonja
             ... wielding a +0 dagger of distortion
              (5 damage)
             ... in the Dungeon (Sprint I: "Red Sonja").
             The game lasted 00:02:09 (475 turns).

lorenzova the Brawler (Troll Monk)                   Turns: 475, Time: 00:02:10

Health: 0/74       AC:  5    Str: 22    XL:     8   Next: 21%
Magic:  7/7        EV: 10    Int:  6    God:    Qazlal [***...]
Gold:   312        SH:  3    Dex: 12    Spells: 0 memorised, 7 levels left

rFire  . . .     SeeInvis .       - Unarmed
rCold  . . .     Clarity  .     a - +0 robe
rNeg   . . .     SustAb   .     (no shield)
rPois  .         Gourm    +     (helmet restricted)
rElec  .         Spirit   .     (no cloak)
rCorr  .         Warding  .     (gloves unavailable)
rMut   .         NoTele   +     (boots unavailable)
MR     .....                    (no amulet)
Stlth  +.........               (no ring)
                                (no ring)

@: lethally poisoned (0 -> -3), slowed, very slow, not resistant to hostile
enchantments, very unstealthy
A: unfitting armour, claws 3, fast metabolism 3, gourmand, regeneration 2,
shaggy fur 1, tough skin 2
a: Upheaval, Elemental Force, Renounce Religion


You were in the Dungeon.
You worshipped Qazlal.
Qazlal was most pleased with you.
You were very full.

You visited 1 branch You collected 416 gold pieces.
You spent 104 gold pieces at shops.

Inventory:

Armour
 a - a +0 robe (worn)
Scrolls
 h - a scroll of blinking
 l - a scroll of magic mapping {unknown}
Potions
 c - a potion of curing
 d - a potion of heal wounds
 e - a potion of haste
 f - 2 potions of magic
 g - a potion of berserk rage
 i - a potion of brilliance {unknown}
 j - 3 potions of might
Comestibles
 b - 2 bread rations


   Skills:
 - Level 2.4 Fighting
 - Level 2.4 Dodging
 - Level 1.1 Stealth
 + Level 17.2 Unarmed Combat


You had 7 spell levels left.
You didn't know any spells.

Dungeon Overview and Level Annotations

Branches:
Dungeon (1/1)

Altars:
Cheibriados
Dithmenos
Elyvilon
Fedhas
Gozag
Kikubaaqudgha
Makhleb
Nemelex Xobeh
Okawaru
Qazlal
Ru
Sif Muna
Trog
Vehumet
Xom
Yredelemnul
Zin
The Shining One
Jiyva

Shops:
D *

Annotations:
D Sonja


Innate Abilities, Weirdness & Mutations

You are too large for most types of armour.
You have claws for hands.
Your metabolism is lightning-fast.
You like to eat raw meat.
You heal very quickly.
You are covered in fur (AC +1).
You have very tough skin (AC +2).


Message History

You see here 27 gold pieces.
You miss Sonja.
You feel sick.
Sonja hits you with an uncursed dagger of distortion.
Space warps horribly around you! Sonja barely misses you.
Sonja hits you with an uncursed dagger of distortion.
You feel a strange sense of stasis.
You completely miss Sonja.
You feel sick. You block Sonja's attack. You block Sonja's attack.
Sonja closely misses you.
Sonja hits you with an uncursed dagger of distortion.
Space warps horribly around you!
* * * LOW HITPOINT WARNING * * *
Sonja barely misses you. Sonja completely misses you.
You scratch Sonja.
Sonja begins to bleed from her wounds!
Sonja is lightly wounded.
You feel sick.
Sonja hits you with an uncursed dagger of distortion.
* * * LOW HITPOINT WARNING * * *
You block Sonja's attack.
Sonja hits you with an uncursed dagger of distortion.
You die...

#..#####'#####'#__####...+
#..####..#...#.#### #####
#..#__####K.##.#
#..#_..__##'#..+
#⌠⌠#_.∩...'.(._#
####_..._##_.#'#
#_____###(#.#
##########K###
........(@.$+
#++++####$.(# ##.## #+#


You could see Sonja (bleeding).

Vanquished Creatures
  2 kobold demonologists (D)
  A slime creature (D)
  A yak (D)
  Sigmund (D)
  An ogre (D)
  A jelly (D)
  Ijyb (D)
  A giant eyeball (D)
9 creatures vanquished.

Notes
Turn   | Place    | Note
--------------------------------------------------------------
     0 | D        | lorenzova, the Troll Monk, began the quest for the Orb.
     0 | D        | Reached XP level 1. HP: 22/22 MP: 0/0
     2 | D        | Noticed Ijyb
    14 | D        | Killed Ijyb
    14 | D        | Reached skill level 7 in Unarmed Combat
    14 | D        | Reached XP level 2. HP: 26/29 MP: 1/1
    17 | D        | Noticed an ogre
    20 | D        | Killed an ogre
    20 | D        | Reached skill level 10 in Unarmed Combat
    20 | D        | Reached XP level 3. HP: 36/36 MP: 2/2
    20 | D        | Reached XP level 4. HP: 44/44 MP: 3/3
   147 | D        | Noticed Sigmund
   155 | D        | Killed Sigmund
   155 | D        | Reached skill level 12 in Unarmed Combat
   155 | D        | Reached XP level 5. HP: 22/50 MP: 4/4
   216 | D        | Found a deep blue altar of Sif Muna.
   217 | D        | Noticed a jelly
   218 | D        | Found a radiant altar of Vehumet.
   220 | D        | Killed a jelly
   220 | D        | Reached skill level 13 in Unarmed Combat
   220 | D        | Reached XP level 6. HP: 59/59 MP: 5/5
   230 | D        | Found Xeaguar's General Store.
   230 | D        | Found a white marble altar of Elyvilon.
   230 | D        | Found a stormy altar of Qazlal.
   230 | D        | Found a burning altar of Makhleb.
   230 | D        | Found a sacrificial altar of Ru.
   230 | D        | Found a basalt altar of Yredelemnul.
   230 | D        | Found a glowing golden altar of the Shining One.
   230 | D        | Found a sparkling altar of Nemelex Xobeh.
   230 | D        | Found a shimmering altar of Xom.
   230 | D        | Found an opulent altar of Gozag.
   230 | D        | Found an ancient bone altar of Kikubaaqudgha.
   230 | D        | Found a glowing silver altar of Zin.
   230 | D        | Noticed a yak
   231 | D        | Found an iron altar of Okawaru.
   233 | D        | Killed a yak
   233 | D        | Reached skill level 14 in Unarmed Combat
   234 | D        | Found a bloodstained altar of Trog.
   249 | D        | Became a worshipper of Qazlal Stormbringer
   249 | D        | Acquired Qazlal's first power
   249 | D        | Acquired Qazlal's second power
   252 | D        | Bought a potion of might for 52 gold pieces
   252 | D        | Bought a potion of might for 52 gold pieces
   287 | D        | Found a snail-covered altar of Cheibriados.
   287 | D        | Found a viscous altar of Jiyva.
   287 | D        | Found a shadowy altar of Dithmenos.
   287 | D        | Found a blossoming altar of Fedhas.
   287 | D        | Noticed a slime creature
   294 | D        | Killed a slime creature
   294 | D        | Reached skill level 15 in Unarmed Combat
   294 | D        | Reached XP level 7. HP: 49/66 MP: 6/6
   334 | D        | Noticed a kobold demonologist
   337 | D        | Noticed a kobold demonologist
   342 | D        | Noticed a hellwing
   342 | D        | Paralysed by a giant eyeball for 2 turns
   348 | D        | Killed a kobold demonologist
   348 | D        | Reached skill level 16 in Unarmed Combat
   352 | D        | Noticed a soul eater
   356 | D        | Killed a kobold demonologist
   356 | D        | Acquired Qazlal's third power
   356 | D        | Reached skill level 17 in Unarmed Combat
   356 | D        | Reached XP level 8. HP: 17/74 MP: 7/7
   465 | D        | Noticed Sonja
   475 | D        | Slain by Sonja

Action                   |  1- 3 |  4- 6 |  7- 9 || total
-------------------------+-------+-------+-------++-------
Melee: Unarmed           |    14 |    15 |    18 ||    47
 Stab: Sleeping          |       |     2 |       ||     2
  Eat: Chunk             |       |     8 |       ||     8
